AoeStats
← Phill chung long

Arabia

509381320Analyzed
1v1 RM · 6d ago on Sep 26, 2026· 24m 57s· 2 players
Game mode
Random Map
Map size
Tiny (2 player)
Population
200
Speed
Normal
Resources
Standard
Victory
Conquest
Starting age
Dark Age
Ending age
Imperial Age
RankedLock teamsTeams togetherTeam positionsShared explorationLock speedFull tech treeHidden civsTurbo modeCheats
Victory
Defeat
🇭🇰 Mongols · Hong Kong SAR China
945
+15
🇵🇪 Sicilians · Peru
915
-39
Phill chung long
12:38 Feudal Age
13:23 Double-Bit Axe
Rooster
8:08 Loom
9:58 Feudal Age
11:31 Double-Bit Axe
14:19 Scale Barding Armor
15:16 Forging
16:08 Bloodlines
21:31 Castle Age
22:30 Husbandry
23:54 Wheelbarrow
23:05 Town Watch
24:33 Iron Casting
Connection lost

Rejoining the realm…

Still unreachable

The connection could not be restored.

Session expired

The server has moved on; the page needs a fresh start.